 Dungeon Crawl Stone Soup version 0.30-a0-305-g026cb31310 (webtiles) character file.

Game seed: 8194822870812164961

44 koil the Sneak (level 3, 0/18 HPs)
             Began as a Spriggan Brigand on Oct 22, 2022.
             Succumbed to an adder's poison
             ... on level 2 of the Dungeon.
             The game lasted 00:02:24 (840 turns).

koil the Sneak (Spriggan Brigand)                    Turns: 840, Time: 00:02:24

Health: 0/18       AC:  3    Str:  7    XL:     3   Next: 39%
Magic:  6/6        EV: 17    Int: 14    God:
Gold:   95         SH:  0    Dex: 16    Spells: 4/4 levels left

rFire   . . .      SeeInvis +    a - +2 dagger
rCold   . . .      Faith    .    (no shield)
rNeg    . . .      Spirit   .    b - +0 robe
rPois   .          Reflect  .    (helmet restricted)
rElec   .          Harm     .    c - +0 cloak
rCorr   .          Rampage  .    (gloves unavailable)
Will    .....                    (boots unavailable)
Stlth   +++.......               (no amulet)
HPRegen 0.23/turn                (no ring)
MPRegen 0.10/turn                (no ring)

@: lethally poisoned (0 -> -6), invisible, very quick
A: very small, no large weapons, unfitting armour, see invisible, speed 3
a: no special abilities


You were on level 2 of the Dungeon.
You visited 1 branch of the dungeon, and saw 2 of its levels.

You collected 95 gold pieces.

Inventory:

Hand Weapons
 a - a +2 dagger (weapon)
Missiles
 d - 3 poisoned darts (quivered)
 e - 3 curare-tipped darts
Armour
 b - a +0 robe (worn)
 c - a +0 cloak (worn)
Scrolls
 f - 2 scrolls of immolation {unknown}
Potions
 g - a potion of curing {unknown}
 i - a potion of might {unknown}
 j - a potion of magic {unknown}


   Skills:
 + Level 2.0 Fighting
 + Level 2.7 Short Blades
 - Level 2.0 Throwing
 + Level 2.3 Dodging
 + Level 6.3 Stealth
 + Level 1.4 Spellcasting


You had 4 spell levels left.
You didn't know any spells.
Your spell library contained the following spells:

 Spells                   Type           Power      Damage    Failure   Level
 Kiss of Death            Conj/Necr      0%         2d5       26%         1
 Magic Dart               Conj           0%         1d3       26%         1
 Searing Ray              Conj           0%         2d4       36%         2
 Confusing Touch          Hex            0%         N/A       58%         3
 Dispel Undead            Necr           0%         3d6       94%         4
 Fulminant Prism          Conj/Hex       0%         3d6       94%         4


Dungeon Overview and Level Annotations

Branches:
Dungeon (2/15)

Altars:

Shops:
D:1 !


Innate Abilities, Weirdness & Mutations

You are very small and have problems with some larger weapons.
You are too small for most types of armour.
You have supernaturally acute eyesight. (SInv)
You cover ground extremely quickly. (Speed+++)


Message History

Aim: an adder (42% to hit)
You throw a poisoned dart. The poisoned dart misses the adder.
The poisoned dart closely misses the gnoll.
The poisoned dart hits the gnoll.
The gnoll is poisoned.
A goblin comes into view. It is wielding a +0 dagger.
You closely miss the goblin.
The goblin shouts!
The adder barely misses you. The goblin closely misses you.
The adder closely misses you.
You hit the goblin but do no damage. The adder barely misses you.
The goblin completely misses you.
You barely miss the goblin. The adder bites you.
You are poisoned.
The adder poisons you!
You closely miss the goblin.
You feel sick. The goblin hits you but does no damage. The adder misses you.
You closely miss the goblin.
You feel sick. The goblin barely misses you. The adder misses you.
You barely miss the goblin.
You feel sick. The goblin closely misses you.
The adder bites you but does no damage.
You closely miss the goblin.
You feel sick.
You are no longer poisoned.
The adder bites you. The goblin barely misses you.
You hit the goblin.
The goblin is severely wounded.
The adder bites you.
You are poisoned.
The adder poisons you! The goblin hits you with a +0 dagger.
* * * LOW HITPOINT WARNING * * *
You hit the goblin.
You kill the goblin!
* * * LOW HITPOINT WARNING * * *
You feel sick. The adder bites you.
* * * LOW HITPOINT WARNING * * *
You are more poisoned.
The adder poisons you!
Your Fighting skill increases to level 2!
It was a potion of invisibility.
You fade into invisibility!
You die...

......(....<.......
....gS####.##.....
...g.......# #...
......###### ...
..g.#..... .g###
.##.###### ....#
.############..#.#
.((.).gg.....# #)#
..##########.###@#
.....# #...S.#
##.#.# #######
#.#.# #.#.# ..#<#
#####


You could see an adder (unable to see you).

Vanquished Creatures
  A gnoll (D:2)
  3 ball pythons (D:1)
  A bat (D:1)
  2 endoplasms
  2 giant cockroaches (D:1)
  5 goblins
  A hobgoblin (D:1)
  3 jackals (D:1)
  4 quokkas (D:1)
  A frilled lizard (D:1)
  3 kobolds (D:1)
  4 rats (D:1)
30 creatures vanquished.

Notes
Turn   | Place    | Note
-------+----------+-------------------------------------------
     0 | D:1      | koil the Spriggan Brigand began the quest for the Orb.
     0 | D:1      | Reached XP level 1. HP: 10/10 MP: 2/2
    53 | D:1      | Reached skill level 6 in Stealth
    87 | D:1      | Reached XP level 2. HP: 15/15 MP: 2/4
   120 | D:1      | Found Ytesaecedeu's Distillery.
   256 | D:1      | Reached skill level 1 in Spellcasting
   474 | D:1      | Reached XP level 3. HP: 16/18 MP: 5/5
   840 | D:2      | Succumbed to an adder's poison

Illustrated notes

Levels and vault maps discovered:
D:1:      heliophobic_arrival_glass_houses, layout_basic, serial_shops, shop
D:2:      layout_basic, hellmonk_ecumenical_altar_run_dry, basic_altar,
          kennysheep_generic_room_10, uniq_jessica, uniq_terence

Skill      XL: |  1  2  3 |
---------------+----------+-----
Stealth        | 6 |  6.3
Spellcasting   | 1 |  1.4
Dodging        | 2 |  2.3
Fighting       | 2 |  2.0
Short Blades   | |  2.7
Throwing       | |  2.0

Action                   || total
-------------------------++-------
Melee: Dagger            ||    96
Throw: Dart              ||     6
  Use: Potion            ||     1
 Stab: Sleeping          ||     5
Armor: Robe              ||    17
Dodge: Dodged            ||   101

Table legend: (Time is in decaauts)
 A = Elapsed time spent in this place.
 B = Non-inter-level travel time spent in this place.
 C = Inter-level travel time spent in this place.
 D = Time resting spent in this place.
 E = Time spent auto-exploring this place.
 F = Levels seen in this place.
 G = Mean time per level.
                   A        B        C        D        E       F      G
               +--------+--------+--------+--------+--------+-----+--------+
         Total |    569 |    562 |      7 |      0 |    386 |   2 |  284.5 |
       Dungeon |    569 |    562 |      7 |      0 |    386 |   2 |  284.5 |
               +--------+--------+--------+--------+--------+-----+--------+

Top non-repeatable levels by time:
     D:1: 503 daAuts
     D:2: 65 daAuts
